Jeska, chaotic female human Barbarian ------- ..Y@..| ------------- ----..| |.%(%.(.....| |..| |%-----%.---| |..| |.| |%.|..|----- ----..| |.| |..|..|..-.|.. ......| |.|----..|..|..|-|..------------------------------..| |.||.....|-|-.*-.|..|............................|..| |.||...--|...[.|-|..---...............%..........|..| |.||...| ---.|.-.|-...|.............<......).))).)..| |.|----- |.|----|...|.........................%|..| |.----------.--.---...----------------------------..| |.............))%...................................| ----------------------------------------------------- Jeska the Bandit Experience level: 9 Strength: 18 Dexterity: 17 Constitution: 17 Intelligence: 8 Wisdom: 8 Charisma: 8 Health: 0(94) Energy: 25(25) AC: -1 Gold: 1253 Moves: 3363 Your Inventory: Coins $ - 1253 gold pieces Amulets U - an [uncursed] amulet of reflection (being worn) Weapons a - an uncursed rusty corroded +0 battle-axe (weapon in hands) b - a blessed +0 short sword Armor o - an [uncursed] +0 dwarvish cloak (being worn) p - an [uncursed] +0 dwarvish iron helm (being worn) q - a [blessed] +1 dwarvish mithril-coat (being worn) r - an [uncursed] +0 pair of iron shoes (being worn) Comestibles d - 5 uncursed food rations e - 3 [uncursed] cream pies f - an [uncursed] lichen corpse j - an [uncursed] lembas wafer k - 2 [uncursed] tripe rations n - 2 [uncursed] bananas V - an [uncursed] slime mold Scrolls l - a blessed scroll labeled FOOBIE BLETCH [of identify] m - an uncursed scroll labeled GHOTI [of charging] t - a cursed scroll labeled DAIYEN FOOELS [of confuse monster] w - an uncursed scroll labeled PHOL ENDE WODAN [of enchant weapon] P - an [uncursed] scroll labeled FOOBIE BLETCH [of identify] Spellbooks S - an [uncursed] charcoal spellbook [of finger of death] Potions u - a cursed potion of oil C - an uncursed slimy potion [of gain energy] H - an uncursed potion of healing M - a [cursed] bubbly potion [of see invisible] N - an [uncursed] yellow potion [of extra healing] Q - an [uncursed] soapy potion [of acid] W - an [uncursed] emerald potion [of invisibility] X - 6 [uncursed] milky potions [of booze] Y - an [uncursed] indigo potion [of object detection] Z - an [uncursed] black potion [of hallucination] Rings g - an [uncursed] ruby ring [of fire resistance] i - an uncursed shiny ring [of shock resistance] (on right hand) A - an uncursed citrine ring [of teleport control] (on left hand) L - an [uncursed] tiger eye ring [of slow digestion] Wands c - an [uncursed] wand of digging [0:5] D - an [uncursed] wand of striking [0:6] F - an [uncursed] wand of striking [0:0] G - an [uncursed] wand of striking [0:0] J - an [uncursed] jeweled wand [of magic missile] (0:0) K - an [uncursed] wand of striking [0:0] Tools x - an [uncursed] partly used [tallow] candle z - an [uncursed +0] pick-axe (alternate weapon; not wielded) B - an [uncursed] bugle I - an [uncursed oil] lamp (lit) O - an [uncursed] key [skeleton key] R - an [uncursed fire] horn [0:4] Spells known in the end: Name Level Category Fail Memory Your skills at the end: Fighting Skills bare handed combat [Basic / Master] Weapon Skills axe [Skilled / Expert] short sword [Basic / Expert] Spellcasting Skills Final Attributes: You were piously aligned. Hunger level was 1163. Your alignment was 26 / 26. Monster difficulty range was 1 - 10. Level difficulty was 11. You resisted cold. You were immune to electricity. You were immune to poison. You had teleport control. You were fast. You had reflection. Your luck was zero. You are dead. Vanquished creatures: a gelatinous cube a leather golem 3 orc-captains a giant spider an owlbear a yeti a werewolf 3 chickatrices a dog a blue jelly a dust vortex 3 apes a soldier ant an imp 6 Mordor orcs 9 Uruk-hai 4 orc shamans 5 gnome lords 2 gnomish wizards a straw golem 2 giant ants a floating eye 6 dwarves 11 hill orcs a rothe an acid blob a gas spore 5 hobbits 2 giant rats 4 cave spiders a brown mold a yellow mold a green mold 38 gnomes a gnome zombie 2 geckos 4 jackals 3 foxes a kobold 14 goblins 6 grid bugs a bat 2 lichens a kobold zombie 3 newts 160 creatures vanquished. Voluntary challenges: You used a wielded weapon 218 times. You read items or engraved 5 times. You put on armor 5 times. You never genocided any monsters. You never polymorphed an object. You never changed form. You used no wishes. You wrote Elbereth's name 1 time. You encountered 1 bones level. You never used any Sokoban shortcuts. Dungeon overview: The Dungeons of Doom: levels 1 to 4 Level 1 a long staircase Level 2 an armor shop Level 3 stairs to The Gnomish Mines The Gnomish Mines: levels 4 to 11 Level 4 stairs to The Dungeons of Doom Level 7 many shops, a temple, a magic chest, some fountains Level 11 <- You were here History has recorded: On T:1 you entered the Dungeons of Doom to retrieve the Amulet of Yendor! On T:303 you reached level 2 of The Dungeons of Doom. On T:392 you advanced to experience level 2. On T:400 you advanced to experience level 3. On T:610 you reached level 3 of The Dungeons of Doom. On T:729 you advanced to experience level 4. On T:767 you reached level 1 of The Gnomish Mines. On T:861 you reached level 4 of The Dungeons of Doom. On T:1271 you advanced to experience level 5. On T:1396 you advanced to experience level 6. On T:1493 you reached level 2 of The Gnomish Mines. On T:1653 you reached level 3 of The Gnomish Mines. On T:1849 you advanced to experience level 7. On T:1978 you advanced to experience level 8. On T:2390 you reached level 5 of The Gnomish Mines. On T:2433 you reached level 6 of The Gnomish Mines. On T:2488 you reached level 7 of The Gnomish Mines. On T:2598 you reached level 8 of The Gnomish Mines. On T:3114 you advanced to experience level 9. Latest messages: The sasquatch hits! The sasquatch kicks! [HP-5=28] You smite the sasquatch! The sasquatch misses. (2x) The sasquatch kicks! [HP-1=27] You smite the sasquatch! The sasquatch hits! (2x) The sasquatch kicks! The sasquatch hits! (2x) The sasquatch kicks! [HP-18=9] You smite the sasquatch! The sasquatch hits! The sasquatch just misses! (2x) [HP-5=4] You begin praying to Set. The sasquatch hits! The sasquatch just misses! The sasquatch kicks! You die... Final status: Goodbye Jeska the Barbarian... You died in The Gnomish Mines on dungeon level 11 with 9856 points, and 1253 pieces of gold, after 3363 moves. You were level 9 with a maximum of 94 hit points when you died.